 Dungeon Crawl Stone Soup version 0.30.0-19-g36f170ea60 (webtiles) character file.

Game seed: 511825825414016556

4614 EC1 the Spear-Bearer (level 10, -10/96 HPs)
             Began as a Hill Orc Fighter on June 1, 2023.
             Mangled by a komodo dragon (16 damage)
             ... on level 1 of the Lair of Beasts.
             The game lasted 00:15:44 (6023 turns).

EC1 the Spear-Bearer (Hill Orc Fighter)             Turns: 6023, Time: 00:15:45

Health: -10/96     AC: 22    Str: 24    XL:     10   Next: 42%
Magic:  10/10      EV:  7    Int:  8    God:
Gold:   260        SH:  0    Dex: 10    Spells: 9/9 levels left

rFire   . . .        k - +6 spear (vamp)
rCold   . . .        c - +0 buckler
rNeg    . . .        t - +1 plate armour
rPois   .            (helmet restricted)
rElec   .            d - scarf {+Inv}
rCorr   .            P - +2 pair of gloves
SInv    .            (no boots)
Will    .....        S - amulet of regeneration Stlth
                     g - +4 ring of protection
HPRegen 1.16/turn    H - ring of flight
MPRegen 0.12/turn

%: clarity
@: confused, lethally poisoned (-10 -> -15), ambrosia-drunk, flying
A: claws 1, horns 2, clarity, robust 1
a: Evoke Invisibility


You were on level 1 of the Lair of Beasts.
You visited 2 branches of the dungeon, and saw 9 of its levels.
You also visited: Sewer.

You collected 515 gold pieces.
You spent 255 gold pieces at shops.

Inventory:

Hand Weapons
 a - a +0 war axe
 f - a +0 arbalest
 k - a +6 vampiric spear (weapon)
 p - a +0 mace of protection
 B - a +1 short sword of venom
 F - a +2 dagger of venom
 I - a +3 dire flail of holy wrath
 N - a +0 glaive
 O - a +0 trident
 W - a +0 short sword of electrocution
Armour
 b - a +1 scale mail
 c - a +0 buckler (worn)
 d - a scarf of invisibility (worn)
 n - a +0 leather armour of fire resistance
 q - a +0 animal skin
 s - a +1 helmet
 t - a +1 plate armour (worn)
 w - the +1 Delatra's gloves {ID++}
   (You found it on level 4 of the Dungeon)

   ID++:      It heals its wearer when they drink unknown potions, and restores
   their MP when they read unknown scrolls.
 y - a +0 leather armour
 C - a +1 robe of willpower
 L - a +0 troll leather armour {Pargi}
 P - a +2 pair of gloves (worn)
 R - a +0 barding
Magical Staves
 e - a staff of death
Jewellery
 g - a +4 ring of protection (left hand)
 h - a ring of protection from fire
 A - a +6 ring of intelligence
 E - an amulet of the acrobat
 H - a ring of flight (right hand)
 S - an amulet of regeneration (around neck)
Wands
 o - a wand of mindburst (27)
 r - a wand of roots (27)
 u - a wand of flame (26)
 v - a wand of polymorph (2)
 T - a wand of digging (3)
 U - a wand of quicksilver (3)
Scrolls
 i - 8 scrolls of identify
 l - 5 scrolls of teleportation
 K - a scroll of magic mapping
 M - a scroll of amnesia
 V - a scroll of fog
 X - a scroll of butterflies
Potions
 j - 2 potions of degeneration
 m - 3 potions of flight
 x - a potion of brilliance
 z - 2 potions of curing
 Q - a potion of lignification


   Skills:
 + Level 8.1 Fighting
 + Level 4.1(9.0) Axes
 + Level 10.5(10.8) Polearms
 + Level 8.7 Armour
 + Level 1.5 Dodging
 + Level 6.7 Shields


You had 9 spell levels left.
You didn't know any spells.
Your spell library contained the following spells:

 Spells                   Type           Power      Damage    Failure   Level
 Beastly Appendage        Tmut           0%         N/A       99%         1
 Lesser Beckoning         Tloc           0%         N/A       100%        2
 Wereblood                Tmut           0%         N/A       100%        2
 Gell's Gravitas          Tloc           0%         N/A       100%        3
 Spider Form              Tmut/Pois      0%         N/A       100%        3
 Teleport Other           Tloc           0%         N/A       100%        3


Dungeon Overview and Level Annotations

Branches:
Dungeon (8/15)             Temple (0/1) D:7            Lair (1/5) D:8
  Sewer (visited)

Altars:
Sif Muna

Shops:
D:8 ?


Innate Abilities, Weirdness & Mutations

You have sharp fingernails.
You have a pair of horns on your head.
You possess an exceptional clarity of mind.
You are robust. (+10% HP)


Message History

The creatures around you are filled with an inner flame!
The komodo dragon bites you!
* * * LOW HITPOINT WARNING * * *
As you read the scroll of teleportation, it crumbles to dust.
You feel strangely unstable. The komodo dragon barely misses you.
You feel better. You block the komodo dragon's attack.
You are confused.
You feel invigorated.
Your surroundings suddenly seem different.
A cane toad and 3 blink frogs come into view.
Found 15 gold pieces, a scroll of enchant armour and a plate armour.
The blink frog gives a loud, deep croak!
The blink frog croaks.
The blink frog gives a loud, deep croak!
The blink frog blinks!
A blink frog comes into view.
The blink frog moves out of view.
You're too confused to move!
The blink frog croaks.
The cane toad stings you!
* * * LOW HITPOINT WARNING * * *
The komodo dragon hisses menacingly.
The cane toad stings you!
* * * LOW HITPOINT WARNING * * *
You are lethally poisoned!
The cane toad poisons you!
You are too confused!
You feel better.
You feel less invigorated. The blink frog barely misses you.
The komodo dragon bites you.
* * * LOW HITPOINT WARNING * * *
The cane toad stings you!
* * * LOW HITPOINT WARNING * * *
You are lethally poisoned!
The cane toad poisons you!
You are confused.
You feel invigorated.
* * * LOW HITPOINT WARNING * * *
You feel very sick. The cane toad closely misses you.
The komodo dragon bites you!
You die...

# #...## .#....> #.
##...... ...
##....F# #..[
##.....# #....
###..>..## #?....
#.....!.)# #....$.
##..!†l§.#F##.......
#$...<.#P##F@l......
#.....#####.FF....##
#...$.## #........#
.....## #......P##
....# F#....### ....
......## .## ..
....# .......##


You could see a komodo dragon, 2 cane toads and 3 blink frogs.

Vanquished Creatures
  A cane toad (Lair:1)
  Grinder (D:3)
  Prince Ribbit (D:7)
  A wraith (D:8)
  3 wargs (D:8)
  3 water moccasins
  Pargi (Sewer)
  3 black bears
  3 orc warriors
  2 ice beasts
  An ogre (D:6)
  A centaur (D:7)
  2 phantoms (D:5)
  3 kobold brigands
  Blork the orc (D:5)
  5 bullfrogs
  4 scorpions
  2 howler monkeys
  5 orc priests
  4 hounds (D:6)
  3 jellies
  3 iguanas (D:5)
  2 sleepcaps (D:6)
  Ijyb (D:3)
  7 orc wizards
  Robin (D:3)
  6 gnolls
  12 adders
  A river rat (D:6)
  A shadow imp (D:8)
  2 white imps
  An ufetubus (D:5)
  2 worms (D:3)
  A dart slug (D:1)
  42 orcs
  5 endoplasms
  4 giant cockroaches
  10 goblins
  7 hobgoblins
  6 jackals
  10 kobolds
  4 quokkas
  A ball python (D:6)
  7 bats
  7 frilled lizards
  6 rats
199 creatures vanquished.

Vanquished Creatures (others)
  2 orc wizards (D:4)
2 creatures vanquished.

Grand Total: 201 creatures vanquished

Notes
Turn   | Place    | Note
-------+----------+-------------------------------------------
     0 | D:1      | EC1 the Hill Orc Fighter began the quest for the Orb.
     0 | D:1      | Reached XP level 1. HP: 19/19 MP: 1/1
    64 | D:1      | Reached XP level 2. HP: 27/27 MP: 2/2
   195 | D:1      | You fall into a shaft and drop 1 floor!
   213 | D:2      | Reached XP level 3. HP: 22/33 MP: 3/3
   372 | D:2      | Reached XP level 4. HP: 39/40 MP: 4/4
   553 | D:2      | Gained mutation: You have hidden genetic potential. [potion
                  | of mutation]
   553 | D:2      | Gained mutation: You have sharp fingernails. [potion of
                  | mutation]
   553 | D:2      | Gained mutation: You have a pair of small horns on your
                  | head. [potion of mutation]
   553 | D:2      | Gained mutation: You are robust. (+10% HP) [potion of
                  | mutation]
   914 | D:3      | Found a faded altar of an unknown god.
   958 | D:3      | Reached skill level 1 in Polearms
   961 | D:3      | Reached XP level 5. HP: 49/51 MP: 5/5
  1020 | D:3      | Noticed Ijyb
  1043 | D:3      | Killed Ijyb
  1124 | D:3      | Noticed Grinder
  1132 | D:3      | Paralysed by Grinder for 4 turns
  1155 | D:3      | Killed Grinder
  1156 | D:3      | Reached skill level 3 in Polearms
  1156 | D:3      | Reached skill level 1 in Dodging
  1156 | D:3      | Reached XP level 6. HP: 12/60 MP: 6/6
  1166 | D:3      | Gained mutation: You possess an exceptional clarity of
                  | mind. [hidden potential]
  1505 | D:3      | Noticed Robin
  1524 | D:3      | Killed Robin
  1897 | D:4      | Reached skill level 5 in Fighting
  1897 | D:4      | Noticed a black bear
  1923 | D:4      | Killed a black bear
  1924 | D:4      | Reached skill level 4 in Polearms
  1924 | D:4      | Reached skill level 5 in Armour
  1924 | D:4      | Reached XP level 7. HP: 67/67 MP: 7/7
  2217 | D:4      | Gained mutation: You have a pair of horns on your head.
                  | [hidden potential]
  2217 | D:4      | Lost mutation: You have hidden genetic potential. [hidden
                  | potential expressed]
  2283 | D:4      | Reached skill level 5 in Polearms
  2308 | D:4      | Found the +1 Delatra's gloves {ID++}
  2486 | D:5      | Entered Level 5 of the Dungeon
  2539 | D:5      | Reached XP level 8. HP: 58/77 MP: 8/8
  2567 | D:5      | Reached skill level 6 in Polearms
  3128 | D:5      | Noticed Blork the orc
  3138 | D:5      | Killed Blork the orc
  3139 | D:5      | Reached skill level 7 in Polearms
  3142 | D:5      | Found a shimmering blue altar of Sif Muna.
  3664 | D:6      | Found a glowing drain.
  3679 | Sewer    | Entered a sewer
  3810 | Sewer    | Noticed Pargi
  3819 | Sewer    | Killed Pargi
  3820 | Sewer    | Reached XP level 9. HP: 84/85 MP: 9/9
  3933 | D:6      | Reached skill level 8 in Polearms
  3933 | D:6      | Reached skill level 5 in Shields
  4394 | D:6      | Reached skill level 9 in Polearms
  4618 | D:7      | Found a staircase to the Ecumenical Temple.
  5252 | D:7      | Reached XP level 10. HP: 94/94 MP: 10/10
  5261 | D:7      | Noticed Prince Ribbit
  5273 | D:7      | Killed Prince Ribbit
  5274 | D:7      | Reached skill level 10 in Polearms
  5723 | D:8      | Found a staircase to the Lair.
  5938 | D:8      | Found Rieskag's Magic Scroll Shop.
  5947 | D:8      | Bought a scroll of identify for 30 gold pieces
  5947 | D:8      | Bought a scroll of teleportation for 45 gold pieces
  5947 | D:8      | Bought a scroll of teleportation for 45 gold pieces
  5947 | D:8      | Bought a scroll of teleportation for 45 gold pieces
  5947 | D:8      | Bought a scroll of butterflies for 60 gold pieces
  5947 | D:8      | Bought a scroll of identify for 30 gold pieces
  5998 | Lair:1   | Entered Level 1 of the Lair of Beasts
  5998 | Lair:1   | Noticed a black mamba
  5998 | Lair:1   | Noticed a cane toad
  5998 | Lair:1   | Noticed a cane toad
  6006 | Lair:1   | Killed a cane toad
  6012 | Lair:1   | HP: 1/96 [komodo dragon (15)]
  6017 | Lair:1   | HP: 2/96 [komodo dragon (10)]
  6020 | Lair:1   | Noticed a cane toad
  6023 | Lair:1   | Mangled by a komodo dragon

Illustrated notes

Levels and vault maps discovered:
D:1:      doesnt_arrival_eight_statues, layout_rooms
D:2:      layout_basic, serial_forest, infiniplex_forest_clump_tiny,
          infiniplex_forest_clump_cross, infiniplex_forest_straight_2,
          infiniplex_forest_clump_small, infiniplex_forest_zigzag_2,
          infiniplex_forest_lined_1
D:3:      layout_rooms, hellmonk_ecumenical_altar_leap_of_faith,
          corexii_leaking_fountain, uniq_grinder, uniq_robin, uniq_ijyb
D:4:      kennysheep_big_flooded_room, layout_basic, serial_demonic,
          serial_demonic_c, serial_demonic_g, serial_demonic_f,
          serial_demonic_e, dreamdust_princess_corridor,
          pf_guarded_unrand_delatra
D:5:      layout_loops_ring, tgw_sif
D:6:      layout_loops_ring, portal_sewer_entry_a, grunt_decor_cap,
          minmay_joined_circles
D:7:      layout_rooms, minmay_temple_entry_proselytizer, minivault_5,
          uniq_prince_ribbit1
D:8:      layout_loops_ring, erik_lair_orcish_takeover, serial_shops,
          nicolae_shop_rolled_up
Lair:1:   layout_hall_layers, maelrawn_ghost_gauntlet_escape

Skill      XL: |  1  2  3  4  5  6  7  8  9 10 |
---------------+-------------------------------+-----
Fighting       | 4 5 6 7 8 |  8.1
Axes           | 3 4 |  4.1
Armour         | 4 5 6 8 |  8.7
Polearms       | 1 3 4 5 7 9 10 | 10.5
Dodging        | 1 |  1.5
Shields        | 4 6 |  6.7

Action                     |  1- 3 |  4- 6 |  7- 9 | 10-12 || total
---------------------------+-------+-------+-------+-------++-------
  Melee: War axe           |    58 |       |       |       ||    58
         Spear             |    14 |   181 |   419 |   137 ||   751
         Headbutt          |       |    15 |    63 |    19 ||    97
    Use: Scroll            |     3 |     5 |     9 |     5 ||    22
         Potion            |       |     4 |     7 |     6 ||    17
 Armour: Scale mail        |    48 |    46 |       |       ||    94
         Plate armour      |       |    32 |   179 |    33 ||   244
  Dodge: Dodged            |    39 |    43 |    88 |    28 ||   198
  Block: Buckler           |    20 |    23 |    64 |    15 ||   122
